 Dungeon Crawl Stone Soup version 0.28.0 (webtiles) character file.

Game seed: 12059925435071788948

31846 SnakkuSnakku7 the Quickloader (level 13, 0/76 HPs)
             Began as a Deep Elf Artificer on Feb 17, 2022.
             Was a High Priest of Dithmenos.
             Slain by a polar bear (1 damage)
             ... on level 6 of the Lair of Beasts.
             The game lasted 00:38:06 (19292 turns).

SnakkuSnakku7 the Quickloader (Deep Elf Artificer) Turns: 19292, Time: 00:38:07

Health: 0/76       AC: 18    Str: 13    XL:     13   Next: 28%
Magic:  15/15      EV: 10    Int: 18    God:    Dithmenos [*****.]
Gold:   1777       SH:  0    Dex: 15    Spells: 11/13 levels left

rFire   + . .      SeeInvis .   a - +3 hunting sling (flame)
rCold   . . .      Faith    .   (no shield)
rNeg    . . .      Spirit   .   t - +1 chain mail {rF+}
rPois   .          Reflect  .   u - +2 helmet
rElec   .          Harm     .   F - +2 cloak
rCorr   .          Rampage  .   (no gloves)
Will    +....                   f - +2 pair of boots
Stlth   ..........              C - amulet of regeneration
HPRegen 1.02/turn               w - +4 ring of evasion
MPRegen 0.14/turn               (no ring)

@: about to teleport, slowed, wreathed by umbra, very slow
A: no striking features
a: Renounce Religion, Shadow Step, Shadow Form


You were on level 6 of the Lair of Beasts.
You worshipped Dithmenos.
Dithmenos was extremely pleased with you.
You visited 3 branches of the dungeon, and saw 17 of its levels.

You collected 1777 gold pieces.

Inventory:

Hand Weapons
 a - a +3 hunting sling of flaming (weapon)
 b - a +3 arbalest of chaos
Missiles
 o - 216 stones
 x - 20 sling bullets (quivered ammo)
 K - 124 bolts
Armour
 f - a +2 pair of boots (worn)
 t - a +1 chain mail of fire resistance (worn)
 u - a +2 helmet (worn)
 F - a +2 cloak (worn)
 S - a +1 chain mail of cold resistance
Jewellery
 m - a ring of ice
 w - a +4 ring of evasion (left hand)
 C - an amulet of regeneration (around neck)
 G - a +6 ring of intelligence
 I - a ring of flight
Wands
 c - a wand of flame (28)
 d - a wand of charming (11)
 H - a wand of polymorph (26)
 J - a wand of paralysis (5)
Scrolls
 i - 3 scrolls of identify
 k - 4 scrolls of enchant armour
 l - 4 scrolls of teleportation
 n - 4 scrolls of magic mapping
 r - a scroll of blinking
 y - 2 scrolls of silence
 B - 3 scrolls of vulnerability
 N - 3 scrolls of fog
 O - a scroll of torment
 P - a scroll of amnesia
 T - 2 scrolls of summoning
Potions
 g - 4 potions of attraction
 h - 10 potions of curing
 j - 2 potions of might
 p - a potion of lignification
 q - a potion of cancellation
 s - a potion of mutation
 v - a potion of haste
 z - 2 potions of berserk rage
 A - 3 potions of flight
 D - a potion of invisibility
 E - 2 potions of magic
 M - 2 potions of ambrosia
 V - a potion of brilliance
Miscellaneous
 e - a piece from Xom's chessboard (15/15)


   Skills:
 - Level 6.6 Fighting
 - Level 12.0 Slings
 + Level 14.3 Crossbows
 - Level 0.7 Armour
 - Level 2.4 Dodging
 - Level 1.2 Stealth
 - Level 0.5 Spellcasting
 - Level 2.2 Air Magic
 - Level 2.5 Poison Magic
 - Level 4.3 Evocations


You had 11 spell levels left.
You knew the following spells:

 Your Spells              Type           Power      Damage    Failure   Level
a - Poisonous Vapours     Pois/Air       18%        N/A       99%         2

Your spell library contained the following spells:

 Spells                   Type           Power      Damage    Failure   Level
 Sting                    Tmut/Pois      16%        1d3       99%         1
 Corpse Rot               Necr/Air       8%         N/A       100%        2
 Passwall                 Tmut/Erth      0%         N/A       100%        2
 Sublimation of Blood     Necr           0%         N/A       100%        2
 Wereblood                Tmut           0%         N/A       100%        2
 Gell's Gravitas          Tloc           0%         N/A       100%        3
 Ozocubu's Armour         Ice            0%         N/A       100%        3
 Portal Projectile        Hex/Tloc       0%         N/A       100%        3
 Teleport Other           Tloc           0%         N/A       100%        3
 Fulminant Prism          Conj/Hex       0%         3d6       100%        4
 Iskenderun's Mystic Bla  Conj/Tloc      0%         2d3       100%        4
 Olgreb's Toxic Radiance  Pois           9%         N/A       100%        4
 Petrify                  Tmut/Erth      0%         N/A       100%        4
 Blade Hands              Tmut           0%         N/A       100%        5
 Excruciating Wounds      Necr           0%         N/A       100%        5
 Iskenderun's Battlesphe  Conj           0%         2d6       100%        5
 Lee's Rapid Deconstruct  Erth           0%         3d5*      100%        5
 Manifold Assault         Tloc           0%         N/A       100%        5
 Metabolic Englaciation   Hex/Ice        0%         N/A       100%        5
 Dispersal                Tloc           0%         N/A       100%        6
 Iron Shot                Conj/Erth      0%         9d1       100%        6
 Simulacrum               Ice/Necr       0%         N/A       100%        6
 Statue Form              Tmut/Erth      0%         N/A       100%        6
 Spellforged Servitor     Conj/Summ      0%         N/A       100%        7
 Summon Hydra             Summ           0%         N/A       100%        7
 Shatter                  Erth           0%         3d5*      100%        9


Dungeon Overview and Level Annotations

Branches:
Dungeon (10/15)            Temple (1/1) D:6            Lair (6/6) D:8
  Swamp (0/4) Lair:4       Spider (0/4) Lair:3        Slime (0/5) Lair:5
    Orc: D:9-12

Altars:
Cheibriados
Dithmenos
Elyvilon
Fedhas
Gozag
Hepliaklqana
Kikubaaqudgha
Makhleb
Nemelex Xobeh
Okawaru
Ru
Trog
Uskayaw
Yredelemnul

Annotations:
Lair:1 3 runed translucent doors, Purph's ghost, journeyman MiBe
Lair:5 2 transporters, Hairutzoic's ghost, journeyman MiBe


Message History

The wolf closely misses you. The wolf bites you!
The polar bear bites you but does no damage.
The polar bear claws you. The polar bear barely misses you.
The wolf barely misses you. The polar bear bites you!
* * * LOW HITPOINT WARNING * * *
The polar bear barely misses you.
The polar bear claws you but does no damage.
The wolf bites you but does no damage.
As you read the scroll of teleportation, it crumbles to dust.
You feel strangely unstable. The wolf closely misses you.
The wolf barely misses you. The polar bear bites you!
* * * LOW HITPOINT WARNING * * *
The polar bear claws you but does no damage. x2
The polar bear bites you.
* * * LOW HITPOINT WARNING * * *
The polar bear closely misses you.
The polar bear claws you but does no damage.
Okay, then.
You feel better.
The wolf bites you but does no damage. x2
The polar bear closely misses you. The polar bear barely misses you.
The polar bear claws you.
* * * LOW HITPOINT WARNING * * *
The polar bear misses you. The polar bear barely misses you.
The polar bear claws you but does no damage.
The polar bear barely misses you.
The polar bear claws you but does no damage. x2
The wolf barely misses you. The polar bear bites you!
* * * LOW HITPOINT WARNING * * *
The polar bear claws you but does no damage. x2
Unknown command.
The wolf bites you but does no damage. The polar bear barely misses you.
The polar bear closely misses you.
The polar bear claws you but does no damage.
The polar bear bites you!
* * * LOW HITPOINT WARNING * * *
The polar bear claws you.
* * * LOW HITPOINT WARNING * * *
The polar bear claws you.
You die...

....##....#...######...#....#
..#.#P...##...####....#....##
...##....)....##........#..#
..P.P...#.....##.......#.#.##
.PPP........................#
P.PP.........w.............##
.P.............hh.###.#....#
...........#.#.hh#.#####P..##
............###h@### #....#
P...........#....#### ##...#
............##......# #...##
...........####....## ##..#
.<...........#....P######..##
............................#
##
.................รท..........#
..
....#.....###...............#
..
...#.....###................##
..


You could see a torpor snail, 3 polar bears, a black bear and a wolf.

Vanquished Creatures
  Gastronok (Lair:3)
  Fannar (D:9)
  A hydra (Lair:1)
  2 death yaks (Lair:5)
  2 two-headed ogres
  Pikel (D:8)
  A lindwurm (Lair:2)
  A deep elf pyromancer (D:9)
  A manticore (D:7)
  5 elephants (Lair:2)
  A black mamba (Lair:2)
  8 cane toads
  A torpor snail (Lair:5)
  2 rime drakes
  2 kobold demonologists (D:9)
  6 komodo dragons
  A troll (D:10)
  A polar bear (Lair:4)
  A slime creature (D:7)
  Grinder (D:5)
  10 blink frogs
  A raiju (Lair:6)
  A hornet (D:10)
  3 dream sheep
  A jumping spider (Lair:3)
  A spriggan (Lair:4)
  3 wyverns
  A wraith (D:10)
  20 yaks
  2 steam dragons (D:7)
  A basilisk (Lair:3)
  An acid dragon (D:10)
  6 wargs
  4 hell hounds (Lair:6)
  15 water moccasins
  2 orc warriors
  2 ice beasts (D:6)
  10 black bears
  A hornet zombie (D:7)
  An ogre (D:6)
  2 necrophages (D:7)
  16 wolves
  4 lemures (D:8)
  6 centaurs
  4 kobold brigands (D:9)
  6 bullfrogs
  A gnoll sergeant (D:8)
  3 scorpions
  3 wyvern zombies
  2 water moccasin zombies (D:5)
  A water moccasin skeleton (D:6)
  9 killer bees (D:10)
  10 wights
  A howler monkey (D:6)
  7 electric eels
  A bullfrog zombie (D:5)
  3 hounds
  3 jellies (Lair:5)
  7 orc priests
  Crazy Yiuf (D:5)
  6 bullfrog skeletons
  3 centaur zombies
  2 centaur skeletons
  A scorpion zombie (D:5)
  8 orc wizards
  2 killer bee zombies
  2 hound zombies (D:5)
  A howler monkey zombie (D:7)
  3 howler monkey skeletons
  5 adders
  4 gnolls
  A white imp (D:6)
  An adder skeleton (D:5)
  3 worms
  A dart slug (D:4)
  35 orcs
  3 ball pythons
  3 bats
  6 endoplasms
  5 giant cockroaches
  10 goblins
  7 hobgoblins
  7 jackals
  6 quokkas
  3 frilled lizards (D:1)
  16 kobolds
  5 rats
365 creatures vanquished.

Vanquished Creatures (collateral kills)
  A two-headed ogre (D:10)
  A scorpion (D:5)
  A scorpion zombie (D:5)
  A gnoll (D:2)
  An orc (D:2)
5 creatures vanquished.

Vanquished Creatures (others)
  A hell hound (Lair:6)
  An adder (D:2)
  A jackal (D:2)
  A bush (Lair:6)
  30 fungi
  55 plants
  6 withered plants (D:5)
95 creatures vanquished.

Grand Total: 465 creatures vanquished

Notes
Turn   | Place    | Note
-------+----------+-------------------------------------------
     0 | D:1      | SnakkuSnakku7 the Deep Elf Artificer began the quest for
                  | the Orb.
     0 | D:1      | Reached XP level 1. HP: 11/11 MP: 3/3
    11 | D:1      | Noticed an electric eel
   153 | D:1      | Found a faded altar of an unknown god.
   596 | D:1      | Reached XP level 2. HP: 13/16 MP: 4/4
  1362 | D:1      | Learned a level 2 spell: Poisonous Vapours
  1724 | D:2      | Reached XP level 3. HP: 6/20 MP: 5/5
  1994 | D:2      | Reached skill level 1 in Poison Magic
  2003 | D:2      | Reached skill level 1 in Air Magic
  2696 | D:2      | Reached XP level 4. HP: 6/24 MP: 6/6
  4126 | D:4      | Noticed a scorpion
  4144 | D:5      | Entered Level 5 of the Dungeon
  4151 | D:5      | Reached skill level 1 in Slings
  4151 | D:5      | Reached XP level 5. HP: 25/28 MP: 7/7
  4598 | D:4      | Reached XP level 6. HP: 19/33 MP: 8/8
  4618 | D:4      | Found an opulent altar of Gozag.
  5079 | D:4      | Noticed a +0 dagger
  5080 | D:4      | Noticed a +0 hand axe
  5081 | D:4      | Found a hide-covered altar of Uskayaw.
  5270 | D:5      | Reached XP level 7. HP: 26/37 MP: 9/9
  5432 | D:5      | Reached skill level 5 in Slings
  5525 | D:5      | Found a basalt altar of Yredelemnul.
  5598 | D:5      | Noticed Grinder
  5616 | D:5      | Killed Grinder
  5716 | D:5      | Noticed a two-headed ogre
  5739 | D:5      | Killed a two-headed ogre
  5740 | D:5      | Reached XP level 8. HP: 42/42 MP: 10/10
  5975 | D:5      | Found a runed translucent door.
  5976 | D:5      | Noticed Crazy Yiuf
  5978 | D:5      | Identified the +5 mace "Asacloc" {vorpal, *Slow rF+ Str+9
                  | Dex-4}
  5983 | D:5      | Killed Crazy Yiuf
  6217 | D:6      | Found a staircase to the Ecumenical Temple.
  6258 | Temple   | Entered the Ecumenical Temple
  6266 | Temple   | Became a worshipper of Dithmenos the Shadowed
  6541 | D:6      | Reached XP level 9. HP: 34/46 MP: 11/11
  7649 | D:6      | Reached skill level 10 in Slings
  7956 | D:7      | Reached * piety under Dithmenos
  8010 | D:7      | Found a burning altar of Makhleb.
  8010 | D:7      | Noticed a cacodemon
  8255 | D:7      | Noticed a manticore
  8264 | D:7      | Killed a manticore
  8269 | D:7      | Found an iron altar of Okawaru.
  8351 | D:7      | Found a snail-covered altar of Cheibriados.
  8464 | D:7      | Found a hazy altar of Hepliaklqana.
  8532 | D:7      | Reached XP level 10. HP: 51/51 MP: 12/12
  8753 | D:7      | Noticed an orange demon
  8838 | D:8      | Reached ** piety under Dithmenos
  8957 | D:8      | Reached skill level 1 in Fighting
  9278 | D:8      | Found a staircase to the Lair.
  9325 | D:8      | Noticed Pikel
  9398 | D:8      | Killed Pikel
  9466 | D:8      | Found an ancient bone altar of Kikubaaqudgha.
  9860 | D:9      | Reached skill level 5 in Fighting
  9952 | D:9      | Found a white marble altar of Elyvilon.
 10035 | D:9      | Noticed a rust devil
 10450 | D:9      | Reached *** piety under Dithmenos
 10568 | D:9      | Noticed a deep elf pyromancer
 10578 | D:9      | Killed a deep elf pyromancer
 10579 | D:9      | Reached skill level 1 in Crossbows
 10579 | D:9      | Reached XP level 11. HP: 61/66 MP: 13/13
 10686 | D:9      | Found a blossoming altar of Fedhas.
 10711 | D:9      | Found a bloodstained altar of Trog.
 11108 | D:10     | Entered Level 10 of the Dungeon
 11122 | D:10     | Reached skill level 2 in Crossbows
 11215 | D:10     | Found a sacrificial altar of Ru.
 11279 | D:10     | Noticed a two-headed ogre
 11293 | D:10     | Reached skill level 3 in Crossbows
 11310 | D:10     | Killed a two-headed ogre
 11327 | D:10     | Reached skill level 4 in Crossbows
 11512 | D:10     | Noticed Fannar
 11562 | D:9      | Killed Fannar
 11563 | D:9      | Reached skill level 5 in Crossbows
 11719 | D:10     | Noticed a two-headed ogre
 11754 | D:10     | Killed a two-headed ogre
 11755 | D:10     | Reached skill level 6 in Crossbows
 11884 | Lair:1   | Entered Level 1 of the Lair of Beasts
 11981 | Lair:1   | Noticed a five-headed hydra
 11995 | Lair:1   | Killed a five-headed hydra
 11996 | Lair:1   | Reached skill level 7 in Crossbows
 12279 | Lair:1   | Reached skill level 8 in Crossbows
 12372 | Lair:1   | Found the +1 cloak of Starlight {*Dazzle EV+4 Stlth--}
 12372 | Lair:1   | Noticed Purph's ghost (journeyman MiBe)
 12374 | Lair:1   | Found a runed translucent gate.
 12374 | Lair:1   | Found a runed translucent gate.
 12374 | Lair:1   | Found a runed translucent gate.
 12955 | Lair:1   | Identified a scroll of acquirement
 12955 | Lair:1   | Acquired 576 gold pieces
 12993 | Lair:1   | Reached skill level 9 in Crossbows
 13112 | Lair:2   | Reached **** piety under Dithmenos
 13113 | Lair:2   | Reached XP level 12. HP: 59/71 MP: 14/14
 13617 | Lair:2   | Reached skill level 10 in Crossbows
 14071 | Lair:2   | Reached skill level 11 in Crossbows
 14737 | Lair:3   | Found a hole to the Spider Nest.
 15016 | Lair:3   | Noticed Gastronok
 15033 | Lair:3   | Killed Gastronok
 15110 | Lair:3   | Reached skill level 12 in Crossbows
 15657 | Lair:4   | Found a staircase to the Swamp.
 16777 | Lair:5   | HP: 3/71 [komodo dragon (22)]
 16881 | Lair:5   | Got the Incunabulum of the Mountains and the Traveller
 17031 | Lair:5   | Found a transporter.
 17077 | Lair:5   | Noticed a death yak
 17079 | Lair:5   | Noticed Hairutzoic's ghost (journeyman MiBe)
 17098 | Lair:5   | Found a transporter.
 17161 | Lair:5   | Found a staircase to the Slime Pits.
 17253 | Lair:5   | Reached skill level 13 in Crossbows
 17704 | Lair:6   | Entered Level 6 of the Lair of Beasts
 18000 | Lair:6   | Noticed a death yak
 18055 | Lair:6   | Reached XP level 13. HP: 76/76 MP: 15/15
 18434 | Lair:5   | Reached ***** piety under Dithmenos
 18897 | Lair:6   | Reached skill level 14 in Crossbows
 19292 | Lair:6   | HP: 2/76 [polar bear (9)]
 19292 | Lair:6   | Slain by a polar bear

Illustrated notes

Levels and vault maps discovered:
D:1:      arrival_aquarium_a, layout_rooms,
          hellmonk_ecumenical_altar_heavens_door, minmay_misc_feat_doors
D:2:      layout_basic, minmay_misc_feat_four_crosses
D:3:      layout_loops_ring
D:4:      layout_loops_ring, dancing_weapons_uskayaw,
          mainiacjoe_overflow_six_doors_small,
          eino_small_chamber_without_monster
D:5:      layout_rooms, lemuel_zombie_altar_yredelemnul, serial_undead,
          serial_undead_a, serial_undead_e, serial_undead_c, serial_undead_b,
          minmay_fountain_box, eino_small_chamber_without_monster,
          nicolae_underground_beach, uniq_crazy_yiuf_cottage, uniq_grinder
D:6:      wad_lake_hut, layout_basic, minmay_temple_entry_proselytizer,
          eino_small_chamber_without_monster
D:7:      minmay_clustersquares, layout_rooms, okawaru_altar_gauntlet_db,
          makhleb_altar_promises_db, nicolae_hepliaklqana_hippocampus,
          nicolae_overflow_crystal_walls
D:8:      kennysheep_six_static_rooms, layout_basic,
          nicolae_kikubaaqudgha_miasma_corner, erik_lair_orcish_takeover,
          grunt_decor_junction, kennysheep_minor_cross, uniq_pikel
D:9:      layout_loops_cross, mainiacjoe_overflow_brackets, elyvilon_altar_5,
          lemuel_crystal_altar, grunt_ministairs_9
D:10:     layout_roguey, mainiacjoe_overflow_alcove_1, minmay_fractal_squares_5,
          uniq_fannar
Temple:   dpeg_chambers_temple
Lair:1:   layout_long_grid, gammafunk_ghost_split, grunt_megastairs_3
Lair:2:   layout_layer_cave
Lair:3:   layout_gridlike, spider_nest_entry_rubble,
          eino_small_chamber_without_monster, uniq_gastronok
Lair:4:   layout_hall_layers, swamp_mist_pool, nicolae_quartered_pool_medium,
          st_stairs_3, grunt_forest_large_clearing_hut, serial_bayou_shore_b
Lair:5:   layout_roguey, nicolae_slime_entry_slimehenge, nzn_ghost_randoct
Lair:6:   hangedman_lair_in_review, layout_small_grid,
          hangedman_lair_caniforms_friends

Skill      XL: |  1  2  3  4  5  6  7  8  9 10 11 12 13 |
---------------+----------------------------------------+-----
Evocations     | 4 |  4.3
Poison Magic   | 2 |  2.5
Air Magic      | 1 2 |  2.2
Slings         | 1 3 4 8 9 11 12 | 12.0
Fighting       | 6 |  6.6
Crossbows      | 1 9 13 14 | 14.3
Armour         | |  0.7
Dodging        | |  2.4
Stealth        | |  1.2
Spellcasting   | |  0.5

Action                   |  1- 3 |  4- 6 |  7- 9 | 10-12 | 13-15 || total
-------------------------+-------+-------+-------+-------+-------++-------
Melee: Club              |    41 |       |       |       |       ||    41
       Dagger            |    93 |       |       |       |       ||    93
 Fire: Hunting sling     |     6 |   177 |   293 |  1410 |   279 ||  2165
       Arbalest          |       |       |       |    29 |     5 ||    34
Evoke: Wand              |     9 |     5 |    15 |    20 |     1 ||    50
       Piece from Xom's  |     2 |     1 |       |     1 |       ||     4
  Use: Scroll            |       |     7 |     2 |    25 |     5 ||    39
       Potion            |       |       |       |     1 |     1 ||     2
 Stab: Sleeping          |     3 |       |       |       |       ||     3
Armor: Leather armour    |    32 |       |       |       |       ||    32
       Chain mail        |       |    69 |    44 |   318 |    73 ||   504
Dodge: Dodged            |    92 |    71 |    55 |   338 |    95 ||   651
